 Dungeon Crawl Stone Soup version 0.18-a0-1788-g92de1ac (webtiles) character file.

11505 Murumi the Carver (level 12, -14/90 (91) HPs)
             Began as a Formicid Fighter on Apr 20, 2016.
             Was an Elder of Elyvilon.
             Demolished by a komodo dragon (25 damage)
             ... on level 11 of the Dungeon.
             The game lasted 00:55:30 (11148 turns).

Murumi the Carver (Formicid Fighter)               Turns: 11148, Time: 00:55:30

HP:   -14/90 (91)   AC: 15    Str: 24    XL:     12   Next: 8%
MP:   13/18         EV:  9    Int: 10    God:    Elyvilon [****..]
Gold: 177           SH: 13    Dex: 15    Spells: 0 memorised, 11 levels left

rFire  . . .     SeeInvis +     e - +4 scimitar
rCold  . . .     Gourm    .     o - +0 plate armour
rNeg   . . .     Faith    .     c - +1 shield
rPois  .         Spirit   .     (helmet unavailable)
rElec  .         Dismiss  .     u - +0 cloak
rCorr  .         Reflect  .     (no gloves)
SustAt .         Harm     .     l - +0 pair of boots
MR     +....                    (no amulet)
Stlth  ..........               s - +4 ring of slaying
                                x - +5 ring of dexterity

@: somewhat resistant to hostile enchantments, extremely unstealthy
A: permanent stasis, dig shafts and tunnels, four strong arms, antennae 3,
repulsion field 1
a: Dig, Shaft Self, Lesser Healing, Heal Other, Purification, Greater Healing,
Divine Protection, Renounce Religion


You were on level 11 of the Dungeon.
You worshipped Elyvilon.
Elyvilon was greatly pleased with you.
You were very hungry.

You visited 2 branches of the dungeon, and saw 12 of its levels.

You collected 531 gold pieces.
You spent 354 gold pieces at shops.

Inventory:

Hand Weapons
 e - a +4 scimitar (weapon)
 f - a +0 arbalest
Missiles
 m - 44 bolts
Armour
 c - a +1 shield (worn)
 l - a +0 pair of boots (worn)
 o - a +0 plate armour (worn)
 u - a +0 cloak (worn)
Jewellery
 b - an uncursed ring of positive energy
 h - an uncursed ring of protection from cold
 s - a +4 ring of slaying (right hand)
 x - a +5 ring of dexterity (left hand)
 G - an uncursed ring of resist corrosion
 I - an uncursed ring of protection from fire
 J - an uncursed ring of protection from cold
 K - an uncursed amulet of the gourmand {unknown}
Wands
 w - a wand of iceblast (7/15)
 y - a wand of acid (13/15)
 L - a wand of teleportation (4/9)
Scrolls
 g - 2 scrolls of recharging
 q - 4 scrolls of magic mapping
 r - 2 scrolls of remove curse
 C - 2 scrolls of silence
 D - 5 scrolls of enchant armour
Potions
 d - 3 potions of might
 i - 7 potions of curing
 n - 3 potions of agility
 p - a potion of flight
 v - 2 potions of magic
 z - 2 potions of cure mutation
 A - 2 potions of lignification
 B - 2 potions of invisibility {unknown}
 E - 5 potions of ambrosia
 F - a potion of degeneration {unknown}
 H - a potion of heal wounds {unknown}
Comestibles
 a - 7 royal jellies
 j - 3 slices of pizza
 k - 4 meat rations
 t - 10 fruits
 M - 3 bread rations
 N - a beef jerky
 O - 2 chunks of flesh


   Skills:
 - Level 7.0 Fighting
 - Level 11.3 Long Blades
 + Level 6.7 Crossbows
 - Level 7.1 Armour
 - Level 9.0 Shields
 - Level 9.0 Invocations


You had 11 spell levels left.
You didn't know any spells.

Dungeon Overview and Level Annotations

Branches:
Dungeon (11/15)            Temple (1/1) D:5            Lair (0/8) D:10
    Orc: D:9-12

Altars:
Ashenzari
Cheibriados
Dithmenos
Elyvilon
Fedhas
Gozag
Kikubaaqudgha
Makhleb
Nemelex Xobeh
Okawaru
Pakellas
Qazlal
Ru
Sif Muna
Trog
Vehumet
Xom
Yredelemnul
Zin
The Shining One
Lugonu

Shops:
D:7 (   D:8 ?


Innate Abilities, Weirdness & Mutations

You are under a permanent stasis effect.
You can dig through walls and to a lower floor.
Your four strong arms can wield two-handed weapons with a shield.
You have a pair of large antennae on your head (SInv).
You are surrounded by a mild repulsion field (EV +2).


Message History

* * * LOW HITPOINT WARNING * * *
You are too injured to fight recklessly!
You are too injured to fight recklessly!
You are healed.
You feel somewhat more hungry. The komodo dragon bites you!!
* * * LOW HITPOINT WARNING * * *
You are healed.
You feel somewhat more hungry. The komodo dragon bites you.
* * * LOW HITPOINT WARNING * * *
You are healed.
You feel somewhat more hungry. You block the komodo dragon's attack.
You hit the komodo dragon.
The komodo dragon is severely wounded.
The komodo dragon closely misses you.
You closely miss the komodo dragon.
The komodo dragon is severely wounded.
The komodo dragon bites you!!
* * * LOW HITPOINT WARNING * * *
You are healed.
You are feeling very hungry.
The komodo dragon bites you!!
You die...

#.#.#.. +.#.#.. #..<### ##.....
#.##..
.############+#########†.>..
............................
................#......#..#.
........l@................
...####................. ..
#.#.####......####.....
#..##.#.#.#...............
#.##.#.#.###..............
#.#.#.#.#.#..##....##..#..
########.##.#.#.#.#..............
.........###.#.#.##.#'###########
.......#..#.#.#.##..#..........##


You could see a komodo dragon.

Vanquished Creatures
  A tengu warrior (D:10)
  An unseen horror (D:10)
  A hill giant (D:10)
  2 ugly things (D:11)
  A manticore (D:11)
  A griffon (D:10)
  A yaktaur (D:10)
  A queen bee (D:11)
  A troll (D:9)
  Prince Ribbit (D:8)
  A shadow (D:11)
  Eustachio (D:5)
  A wyvern (D:11)
  7 yaks
  A vampire (D:10)
  Grum (D:9)
  The ghost of skelma the Cudgeler, an amateur DsFi of Kikubaaqudgha (D:4)
  A soldier ant (D:10)
  A water moccasin (D:7)
  An eye of draining (D:9)
  2 ice beasts
  2 sky beasts
  A black bear (D:9)
  A necrophage (D:9)
  4 orc warriors
  3 phantoms
  4 ogres
  2 wolves (D:9)
  2 centaurs
  A crocodile (D:10)
  4 big kobolds
  5 giant frogs
  A wyvern zombie (D:9)
  6 scorpions
  18 killer bees
  4 crimson imps
  A howler monkey (D:4)
  A giant frog zombie (D:10)
  3 quasits
  4 jellies
  6 orc priests
  2 hounds
  2 centaur skeletons
  Natasha (twice) (D:2)
  4 iguanas
  7 orc wizards
  7 worker ants
  Terence (D:2)
  A killer bee zombie (D:8)
  A hound skeleton (D:5)
  A howler monkey zombie (D:8)
  A worker ant zombie (D:10)
  A howler monkey skeleton (D:5)
  14 adders
  14 gnolls
  A shadow imp (D:11)
  2 oozes
  An adder skeleton (D:4)
  An adder zombie (D:8)
  2 worms (D:2)
  A dart slug (D:2)
  8 giant geckos
  35 orcs
  7 giant cockroaches
  13 goblins
  8 hobgoblins
  10 jackals
  31 kobolds
  2 quokkas
  2 ball pythons
  12 bats
  6 giant newts
  A jackal skeleton (D:4)
  10 rats
313 creatures vanquished.

Notes
Turn   | Place    | Note
--------------------------------------------------------------
     0 | D:1      | Murumi the Formicid Fighter began the quest for the Orb.
     0 | D:1      | Reached XP level 1. HP: 18/18 MP: 1/1
   130 | D:1      | Reached XP level 2. HP: 13/24 MP: 2/2
   258 | D:1      | Reached XP level 3. HP: 28/29 MP: 3/3
   281 | D:1      | Reached skill level 3 in Long Blades
   551 | D:1      | Found a shattered altar of Ashenzari.
   659 | D:2      | Noticed Natasha
   927 | D:2      | Reached XP level 4. HP: 30/35 MP: 4/4
   934 | D:2      | Reached skill level 5 in Shields
  1119 | D:2      | Noticed Terence
  1142 | D:2      | Killed Terence
  1142 | D:2      | Reached XP level 5. HP: 27/41 MP: 5/5
  1272 | D:2      | Killed Natasha
  1272 | D:2      | Reached skill level 4 in Long Blades
  1373 | D:2      | Found a bloodstained altar of Trog.
  1571 | D:2      | Noticed Natasha
  1575 | D:2      | Killed Natasha
  1580 | D:2      | Reached XP level 6. HP: 35/47 MP: 6/6
  1999 | D:3      | Found a shadowy altar of Dithmenos.
  2002 | D:3      | Found a snail-covered altar of Cheibriados.
  2005 | D:3      | Found a white marble altar of Elyvilon.
  2009 | D:3      | Became a worshipper of Elyvilon the Healer
  2583 | D:4      | Reached XP level 7. HP: 21/52 MP: 7/7
  2919 | D:4      | Reached skill level 5 in Long Blades
  2932 | D:4      | Reached skill level 1 in Invocations
  3014 | D:4      | Noticed skelma's ghost (amateur DsFi)
  3028 | D:4      | Killed skelma's ghost
  3028 | D:4      | Reached XP level 8. HP: 38/58 MP: 11/11
  3349 | D:4      | You fall through a shaft for 2 floors!
  3379 | D:6      | Reached * piety under Elyvilon
  3428 | D:5      | Entered Level 5 of the Dungeon
  3428 | D:5      | Found a staircase to the Ecumenical Temple.
  3488 | Temple   | Entered the Ecumenical Temple
  3543 | D:5      | Noticed Eustachio
  3589 | D:5      | Killed Eustachio
  3589 | D:5      | Reached skill level 6 in Long Blades
  3701 | D:5      | Reached skill level 7 in Long Blades
  3998 | D:4      | Found a stormy altar of Qazlal.
  4022 | D:4      | Found a blossoming altar of Fedhas.
  4387 | D:5      | Reached XP level 9. HP: 57/64 MP: 12/12
  4448 | D:5      | Reached ** piety under Elyvilon
  5543 | D:6      | Identified Pasathu's Handbook of Helpful Translocation
  5886 | D:6      | Reached skill level 5 in Invocations
  6216 | D:7      | Found an iron altar of Okawaru.
  6220 | D:7      | You fall through a shaft!
  6230 | D:8      | Noticed Prince Ribbit
  6233 | D:8      | Reached skill level 8 in Long Blades
  6258 | D:8      | Killed Prince Ribbit
  6258 | D:8      | Reached skill level 5 in Fighting
  6468 | D:8      | Found Zixy's Magic Scroll Boutique.
  6485 | D:8      | Bought a scroll of identify for 24 gold pieces
  6485 | D:8      | Bought a scroll of identify for 24 gold pieces
  6485 | D:8      | Bought a scroll of enchant armour for 90 gold pieces
  6485 | D:8      | Bought a scroll of silence for 90 gold pieces
  6485 | D:8      | Bought a scroll of identify for 24 gold pieces
  6485 | D:8      | Bought a scroll of noise for 12 gold pieces
  6631 | D:7      | Found a basalt altar of Yredelemnul.
  6666 | D:7      | Gained mutation: You are surrounded by a mild repulsion field (EV +2). [potion of beneficial mutation]
  6688 | D:7      | Reached *** piety under Elyvilon
  6772 | D:7      | Found Essoev's Weapon Emporium.
  6962 | D:8      | Reached skill level 5 in Armour
  7151 | D:8      | Reached XP level 10. HP: 60/76 MP: 14/14
  7354 | D:8      | Bought a scroll of silence for 90 gold pieces
  7700 | D:8      | Noticed an angel
  7701 | D:8      | Found a glowing silver altar of Zin.
  7798 | D:9      | Found an oddly glowing altar of Pakellas.
  7904 | D:9      | Reached **** piety under Elyvilon
  7974 | D:9      | Reached skill level 9 in Long Blades
  8109 | D:9      | Found an iron altar of Okawaru.
  8290 | D:9      | Noticed Grum
  8313 | D:9      | Killed Grum
  8334 | D:9      | Found a burning altar of Makhleb.
  8592 | D:10     | Entered Level 10 of the Dungeon
  8735 | D:10     | Reached skill level 10 in Long Blades
  9000 | D:10     | Found a staircase to the Lair.
  9041 | D:10     | Noticed an unseen horror
  9056 | D:10     | Killed an unseen horror
  9260 | D:10     | Reached XP level 11. HP: 81/81 MP: 17/17
  9352 | D:10     | Noticed a griffon
  9362 | D:10     | Killed a griffon
  9574 | D:10     | Noticed a tengu warrior
  9603 | D:10     | Killed a tengu warrior
  9845 | D:10     | Noticed a hill giant
  9855 | D:10     | Killed a hill giant
  9855 | D:10     | Reached skill level 11 in Long Blades
 10227 | D:10     | Reached skill level 1 in Crossbows
 10276 | D:11     | Noticed a manticore
 10283 | D:11     | Killed a manticore
 10756 | D:11     | Noticed a purple ugly thing
 10766 | D:11     | Killed a purple ugly thing
 10801 | D:11     | Reached skill level 5 in Crossbows
 10974 | D:11     | Reached XP level 12. HP: 65/90 MP: 18/18
 11148 | D:11     | Demolished by a komodo dragon

Vault maps used:
D:1:      saegor_arrival_under_anarchy, ashenzari_altar_1
D:2:      lightli_temple_of_fire, minivault_26, corexii_corridor_pit,
          minmay_fountain_box, uniq_natasha, uniq_terence
D:3:      grunt_temple_overflow_diamond
D:4:      grunt_temple_overflow_forces_of_nature
D:5:      minmay_temple_entry_trees, first_bread, uniq_eustachio
D:7:      yredelemnul_altar_generic, serial_shops, shop, basic_altar,
          corexii_corridor_pit
D:8:      zin_angel, serial_shops, nicolae_shop_trees, uniq_prince_ribbit1
D:9:      lemuel_round_altar, okawaru_ov_weapons_minmay, kennysheep_mini,
          uniq_grum
D:10:     minmay_tri_box, lair_0_dummy
D:11:     david_nohive_1
Temple:   corrupted_temple

Skill      XL: |  1  2  3  4  5  6  7  8  9 10 11 |
---------------+----------------------------------+-----
Shields        | 4 5 7 9 |  9.0
Long Blades    | 3 4 5 7 8 10 11 | 11.3
Invocations    | 4 5 9 |  9.0
Fighting       | 6 7 |  7.0
Armour         | 5 6 7 |  7.1
Crossbows      | 6 |  6.7

Action                   |  1- 3 |  4- 6 |  7- 9 | 10-12 || total
-------------------------+-------+-------+-------+-------++-------
Melee: Long sword        |   114 |   241 |   291 |       ||   646
       Scimitar          |       |       |   148 |   468 ||   616
Invok: Lesser Healing    |       |       |     1 |     7 ||     8
 Abil: Dig               |       |     2 |     3 |    11 ||    16
  Use: Scroll            |     5 |     3 |    11 |     8 ||    27
       Potion            |       |       |     2 |       ||     2
  Eat: Chunk             |       |     6 |    14 |    13 ||    33
       Beef jerky        |       |       |     1 |       ||     1
       Pizza             |       |       |       |     1 ||     1
Armor: Scale mail        |    38 |    64 |    62 |       ||   164
       Chain mail        |       |       |    36 |    37 ||    73
       Plate armour      |       |       |       |    90 ||    90
Dodge: Dodged            |    43 |    64 |    75 |   128 ||   310
Block: Shield            |    67 |   121 |   227 |   255 ||   670
